 Dungeon Crawl Stone Soup version 0.19.0-11-g3fc08b3 (webtiles) character file.

67753 HungrySpirit the Cutthroat (level 15, -1/101 HPs)
             Began as a Kobold Wanderer on Nov 9, 2016.
             Was a High Priest of Okawaru.
             Slain by an orc warrior
             ... wielding a +0 scimitar
              (4 damage)
             ... while paralysed by an orc sorcerer
             ... on level 2 of the Orcish Mines.
             The game lasted 00:56:40 (25469 turns).

HungrySpirit the Cutthroat (Kobold Wanderer)       Turns: 25469, Time: 00:56:40

Health: -1/101     AC: 10    Str: 12    XL:     15   Next: 67%
Magic:  0/21       EV:  3    Int: 11    God:    Okawaru [*****.]
Gold:   1287       SH:  0    Dex: 21    Spells: 0 memorised, 14 levels left

rFire  + . .     SeeInvis .     w - +1 rapier (elec)
rCold  . . .     Gourm    .     K - +0 steam dragon scales
rNeg   . . .     Faith    .     A - +2 buckler
rPois  +         Spirit   +     Y - +1 hat {MR+}
rElec  .         Reflect  .     f - +2 cloak of Wuowoelu {rCorr MP+9}
rCorr  +         Harm     .     (no gloves)
MR     ++...                    g - +0 pair of boots
Stlth  ++........               M - amulet of guardian spirit
                                E - ring of poison resistance
                                V - +3 ring of evasion

@: paralysed, drained
A: carnivore 3, fire resistance 1, low mp 2, regeneration 1
a: Heroism, Finesse, Renounce Religion


You were on level 2 of the Orcish Mines.
You worshipped Okawaru.
Okawaru was extremely pleased with you.
You were completely stuffed.

You visited 4 branches of the dungeon, and saw 21 of its levels.
You also visited: Ice Cave.

You collected 1886 gold pieces.
You spent 599 gold pieces at shops.

Inventory:

Hand Weapons
 i - a +2 scimitar of flaming
 w - a +1 rapier of electrocution (weapon)
Missiles
 J - a throwing net (quivered)
Armour
 f - the +2 cloak of Wuowoelu (worn) {rCorr MP+9}
   (Okawaru gifted it to you on level 10 of the Dungeon)

   It affects your magic capacity (+9).
   It protects you from acid and corrosion.
 g - a +0 pair of boots (worn)
 A - a +2 buckler (worn)
 K - +0 steam dragon scales (worn)
 Y - a +1 hat of magic resistance (worn)
Jewellery
 e - an uncursed ring of protection from cold
 o - an uncursed ring of flight
 u - an uncursed ring of protection from magic
 E - a ring of poison resistance (right hand)
 L - an uncursed ring of see invisible
 M - an amulet of guardian spirit (around neck)
 R - an uncursed ring of positive energy
 V - a +3 ring of evasion (left hand)
Wands
 t - a wand of lightning (11/15)
 y - a wand of digging (13/24)
 z - a wand of lightning (8/15)
 D - a wand of confusion (14/48)
 I - a wand of disintegration (8/24)
Scrolls
 a - 12 scrolls of remove curse
 c - 2 scrolls of enchant armour
 j - 5 scrolls of fog
 l - 4 scrolls of teleportation
 r - a scroll of enchant weapon
 s - 2 scrolls of magic mapping
 C - 3 scrolls of blinking
 H - 3 scrolls of recharging
 N - 2 scrolls of fear
 Z - a scroll of brand weapon
Potions
 b - 8 potions of curing
 h - 2 potions of magic
 m - 2 potions of brilliance
 p - 3 potions of cure mutation
 x - a potion of haste
 B - 2 potions of ambrosia
 F - a potion of mutation
 G - 4 potions of heal wounds
 O - a potion of berserk rage
 P - a potion of resistance
 Q - a potion of invisibility
 S - a potion of cancellation
 T - 2 potions of lignification
 U - a potion of agility
 W - a potion of flight
Comestibles
 d - 10 meat rations
 k - 5 beef jerkies
 n - 2 slices of pizza
 q - 11 royal jellies


   Skills:
 + Level 14.6(14.0) Fighting
 * Level 21.3(20.5) Short Blades
 - Level 1.0(9.4) Long Blades
   Level 1.7(1.3) Staves
 - Level 1.1(0.6) Throwing
 + Level 0.4(0.0) Armour
 + Level 14.5(13.9) Dodging
 - Level 2.3(1.9) Stealth
 - Level 5.8(5.2) Shields


You had 14 spell levels left.
You didn't know any spells.

Dungeon Overview and Level Annotations

Branches:
Dungeon (12/15)            Temple (1/1) D:4            Lair (6/6) D:11
  Swamp (0/4) Lair:2        Snake (0/4) Lair:4        Slime (0/5) Lair:5
    Orc (2/2) D:11
    Elf: Orc:2

Altars:
Ashenzari
Cheibriados
Dithmenos
Elyvilon
Fedhas
Gozag
Hepliaklqana
Kikubaaqudgha
Makhleb
Nemelex Xobeh
Okawaru
Sif Muna
Trog
Uskayaw
Vehumet
Xom
Yredelemnul
Zin
The Shining One
Jiyva

Shops:
D:5 [   D:8 ?   D:9 =   D:10 *   Orc:2 [

Annotations:
D:3 PerKiller's ghost, amateur CeHu
D:6 Haldmier's ghost, novice HEIE
D:10 Fannar
Orc:2 Sonja


Innate Abilities, Weirdness & Mutations

You are small and have problems with some larger weapons.
You are carnivorous and can eat meat at any time.
Your flesh is heat resistant. (rF+)
Your magical capacity is very low. (-20% MP)
Your natural rate of healing is unusually fast.


Message History

The orc warrior shouts!
An orc wizard comes into view. It is wielding a dagger.
The troll bites you! The troll claws you.
The troll claws you but does no damage.
The orc warrior hits you with a long sword!
The orc warrior hits you with a scimitar!
* * * LOW HITPOINT WARNING * * *
The orc warrior completely misses you. The neqoxec hits you.
* * * LOW HITPOINT WARNING * * *
The troll bites you!
* * * LOW HITPOINT WARNING * * *
The troll claws you.
* * * LOW HITPOINT WARNING * * *
The troll claws you!
* * * LOW HITPOINT WARNING * * *
The orc hits you but does no damage.
The orc warrior hits you with a scimitar!
* * * LOW HITPOINT WARNING * * *
The orc warrior hits you with a scimitar.
You die...

...........P...
.................
.$.............∩.
...#.............
............o....
.........o..P....
.......ooo.o.oO..
.......o@3o...P..
........oT.$.....
.................
<.$.....K.......$
.................
.................
.................
<................
...............


You could see a troll, a neqoxec, 2 orc sorcerers, Sonja, 4 orc warriors, an
ogre (wandering), an orc wizard (wandering) and 3 orcs.

Vanquished Creatures
  Gastronok (Lair:2)
  Josephine (Lair:6)
  2 fire dragons (Lair:6)
  7 hydras
  Erolcha (Orc:1)
  A catoblepas (Lair:3)
  Erica (D:11)
  3 death yaks
  Nergalle (D:11)
  3 lindwurms (Lair:6)
  2 hill giants
  A deep elf mage (D:12)
  A manticore (D:11)
  A cyclops (D:11)
  6 black mambas
  7 torpor snails
  2 centaur zombies
  3 gargoyles
  13 spiny frogs
  2 centaur skeletons (D:11)
  6 rime drakes
  2 kobold demonologists (D:11)
  5 komodo dragons
  A tengu conjurer (D:11)
  3 tyrant leeches (Lair:6)
  5 polar bears
  A queen bee (D:12)
  Grinder (D:4)
  9 hornets
  2 two-headed ogres (D:10)
  A slime creature (shapeshifter) (D:11)
  4 slime creatures
  30 blink frogs
  8 hippogriffs
  A shadow (D:12)
  14 spriggans
  4 wraiths
  3 wyverns
  45 yaks
  2 basilisks
  7 steam dragons
  4 vampire mosquitoes (D:12)
  A hungry ghost (D:9)
  A warg (D:11)
  A mottled dragon (Lair:6)
  A naga (Lair:4)
  17 water moccasins
  8 orc warriors
  12 porcupines
  A black bear (Lair:3)
  2 ice beasts
  5 sky beasts
  2 phantoms
  An eye of draining (D:12)
  18 wolves
  3 boggarts (Lair:5)
  5 ogres
  7 centaurs
  16 crocodiles
  6 big kobolds
  19 bullfrogs
  37 killer bees
  A scorpion (D:5)
  4 wights
  3 electric eels
  6 crimson imps
  3 bullfrog zombies
  4 orc priests
  2 hounds
  2 jellies
  2 bullfrog skeletons
  Crazy Yiuf (D:4)
  Jessica (D:2)
  6 iguanas
  8 orc wizards
  5 worker ants
  A worker ant zombie (D:8)
  7 gnolls
  21 adders
  4 shadow imps
  12 white imps (Lair:2)
  An ooze (D:4)
  2 worms
  4 dart slugs
  4 leopard geckos
  57 orcs
  3 ball pythons
  10 giant cockroaches
  8 goblins
  5 hobgoblins
  5 jackals
  7 quokkas
  A ball python zombie (D:5)
  12 bats
  5 frilled lizards
  20 kobolds
  5 rats
  3 plants (Lair:6)
625 creatures vanquished.

Vanquished Creatures (others)
  An orc (Orc:1)
  6 fungi
  8 plants
15 creatures vanquished.

Grand Total: 640 creatures vanquished

Notes
Turn   | Place    | Note
-------+----------+-------------------------------------------
     0 | D:1      | HungrySpirit the Kobold Wanderer began the quest for the Orb.
     0 | D:1      | HungrySpirit set off with: a +2 quarterstaff, 2 potions of curing, a +0 robe, a meat ration
     0 | D:1      | Reached XP level 1. HP: 16/16 MP: 1/1
   655 | D:1      | Found a shattered altar of Ashenzari.
   703 | D:1      | Reached XP level 2. HP: 21/21 MP: 2/2
   773 | D:1      | Reached skill level 1 in Dodging
   944 | D:1      | Reached skill level 1 in Short Blades
  1287 | D:2      | Noticed Jessica
  1295 | D:2      | Killed Jessica
  1295 | D:2      | Reached skill level 2 in Short Blades
  1295 | D:2      | Reached XP level 3. HP: 26/27 MP: 3/3
  1330 | D:2      | Reached XP level 4. HP: 32/32 MP: 4/4
  1502 | D:2      | Reached skill level 3 in Short Blades
  1867 | D:2      | Found a shimmering altar of Xom.
  1869 | D:2      | Found a glowing silver altar of Zin.
  1869 | D:2      | Found a bloodstained altar of Trog.
  1871 | D:2      | Found a basalt altar of Yredelemnul.
  1871 | D:2      | Found a shimmering altar of Xom.
  1871 | D:2      | Found a blossoming altar of Fedhas.
  2111 | D:3      | Reached XP level 5. HP: 36/36 MP: 5/5
  2326 | D:3      | Noticed PerKiller's ghost (amateur CeHu)
  2765 | D:3      | Reached skill level 4 in Short Blades
  4011 | D:3      | Reached XP level 6. HP: 24/41 MP: 6/6
  4302 | D:4      | Noticed Grinder
  4311 | D:4      | Killed Grinder
  4311 | D:4      | Reached skill level 5 in Short Blades
  4311 | D:4      | Reached XP level 7. HP: 40/47 MP: 7/7
  4332 | D:4      | Reached skill level 6 in Short Blades
  4643 | D:4      | Found an opulent altar of Gozag.
  4901 | D:4      | Got a jewelled dagger
  4902 | D:4      | Identified the +1 dagger of Ancient Evil {drain, +Fly rF+ Dex+5} (You found it on level 4 of the Dungeon)
  5190 | D:4      | Found a staircase to the Ecumenical Temple.
  5199 | Temple   | Entered the Ecumenical Temple
  5217 | Temple   | Became a worshipper of Warmaster Okawaru
  5317 | D:4      | Found a runed door.
  5321 | D:4      | Noticed Crazy Yiuf
  5329 | D:4      | Killed Crazy Yiuf
  5464 | D:5      | Entered Level 5 of the Dungeon
  5611 | D:5      | Reached skill level 7 in Short Blades
  5841 | D:5      | Found Epliang's Antique Armour Shoppe.
  5851 | D:5      | Bought a bloodstained cloak for 256 gold pieces
  5862 | D:5      | Identified the cursed +0 cloak "Xannuw" {Int+5} (You bought it in a shop on level 5 of the Dungeon)
  5984 | D:5      | Reached XP level 8. HP: 44/53 MP: 8/8
  6607 | D:6      | Reached skill level 8 in Short Blades
  6623 | D:6      | Reached * piety under Okawaru
  6623 | D:6      | Reached skill level 5 in Dodging
  6687 | D:6      | Found a radiant altar of Vehumet.
  7097 | D:6      | Noticed Haldmier's ghost (novice HEIE)
  7227 | D:6      | Found a burning altar of Makhleb.
  7428 | D:7      | Reached skill level 9 in Short Blades
  7489 | D:7      | Reached XP level 9. HP: 48/59 MP: 9/9
  7626 | D:7      | Reached ** piety under Okawaru
  7672 | D:7      | Gained mutation: Your natural rate of healing is unusually fast. [mutagenic meat]
  7673 | D:7      | Gained mutation: Your magical capacity is low. (-10% MP) [mutagenic meat]
  7674 | D:7      | Gained mutation: You tend to lose your temper in combat. [mutagenic meat]
  7675 | D:7      | Gained mutation: Your magical capacity is very low. (-20% MP) [mutagenic meat]
  7676 | D:7      | Gained mutation: You are clumsy. (Dex -2) [mutagenic meat]
  7677 | D:7      | Gained mutation: Your spells are a little harder to cast, but a little more powerful. [mutagenic meat]
  7948 | D:7      | Reached skill level 10 in Short Blades
  8077 | D:7      | Found a shadowy altar of Dithmenos.
  8165 | D:8      | Found a hide-covered altar of Uskayaw.
  8168 | D:8      | Noticed a hand axe
  8348 | D:8      | Noticed a dagger
  8443 | D:8      | Gained mutation: Your flesh is heat resistant. (rF+) [mutagenic meat]
  8444 | D:8      | Lost mutation: Your spells are a little harder to cast, but a little more powerful. [mutagenic meat]
  8573 | D:8      | Found a hazy altar of Hepliaklqana.
  8615 | D:8      | Lost mutation: You tend to lose your temper in combat. [potion of cure mutation]
  8615 | D:8      | Lost mutation: You are clumsy. (Dex -2) [potion of cure mutation]
  8739 | D:8      | Found Poal's Magic Scroll Emporium.
  8767 | D:8      | Bought a scroll of blinking for 97 gold pieces
  8767 | D:8      | Bought a scroll of identify for 26 gold pieces
  8879 | D:8      | Reached skill level 11 in Short Blades
  9075 | D:9      | Noticed a hippogriff
  9076 | D:9      | Found Beseig's Jewellery Shop.
  9090 | D:9      | Killed a hippogriff
  9090 | D:9      | Reached *** piety under Okawaru
  9153 | D:9      | Reached XP level 10. HP: 50/65 MP: 8/8
  9216 | D:9      | Reached skill level 12 in Short Blades
 10283 | D:9      | Reached skill level 13 in Short Blades
 10599 | D:10     | Entered Level 10 of the Dungeon
 10615 | D:10     | Reached **** piety under Okawaru
 10637 | D:10     | Found Ukkaat's General Store.
 10803 | D:10     | Noticed a gargoyle
 10944 | D:10     | Reached skill level 10 in Fighting
 10944 | D:10     | Reached XP level 11. HP: 51/72 MP: 7/8
 11148 | D:9      | Reached skill level 14 in Short Blades
 11442 | D:10     | Reached ***** piety under Okawaru
 11581 | D:10     | Noticed a hill giant
 11602 | D:10     | Received a gift from Okawaru
 11647 | D:10     | Got a heavily runed cloak {god gift}
 11658 | D:10     | Identified the +2 cloak of Wuowoelu {rCorr MP+9} (Okawaru gifted it to you on level 10 of the Dungeon)
 11831 | D:10     | Reached skill level 10 in Dodging
 11884 | D:10     | Reached skill level 15 in Short Blades
 12147 | D:10     | Killed a hill giant
 12180 | D:10     | You fall through a shaft for 2 floors!
 12221 | D:12     | Noticed a seven-headed hydra
 12408 | D:12     | Noticed a deep elf mage
 12442 | D:12     | Killed a deep elf mage
 12442 | D:12     | Reached XP level 12. HP: 71/80 MP: 9/9
 12704 | D:11     | Noticed Nergalle
 12765 | D:11     | Reached skill level 16 in Short Blades
 12864 | D:11     | Killed Nergalle
 12941 | D:11     | Noticed Fannar
 13024 | D:11     | Found a staircase to the Orcish Mines.
 13235 | D:11     | Found a staircase to the Lair.
 13286 | D:11     | Received a gift from Okawaru
 13324 | D:11     | Noticed a seven-headed hydra
 13679 | D:11     | Noticed Erica
 13688 | D:11     | Killed Erica
 13718 | D:11     | Killed a four-headed hydra
 13732 | D:11     | Noticed a five-headed hydra
 13741 | D:11     | Noticed a swamp dragon
 13741 | D:11     | a tarantella changed into a swamp dragon
 13746 | D:11     | a swamp dragon changed into a cyclops
 13985 | D:11     | Killed a one-headed hydra
 13985 | D:11     | Reached skill level 17 in Short Blades
 14508 | D:11     | Reached XP level 13. HP: 85/86 MP: 10/10
 14782 | D:12     | Reached skill level 1 in Shields
 15057 | D:9      | Bought an uncursed ring of poison resistance for 220 gold pieces
 16173 | D:12     | Killed a one-headed hydra
 16173 | D:12     | Reached skill level 18 in Short Blades
 16257 | Lair:1   | Entered Level 1 of the Lair of Beasts
 16879 | Lair:1   | Noticed a five-headed hydra
 16896 | Lair:1   | Killed a one-headed hydra
 16896 | Lair:1   | Received a gift from Okawaru
 17394 | Lair:2   | Found a frozen archway.
 17492 | IceCv    | Entered an ice cave
 17860 | Lair:2   | Noticed Gastronok
 17950 | Lair:2   | Killed Gastronok
 18452 | Lair:2   | Reached XP level 14. HP: 94/94 MP: 11/11
 18487 | Lair:2   | Found a staircase to the Swamp.
 18794 | Lair:3   | Reached skill level 19 in Short Blades
 20608 | Lair:4   | Received a gift from Okawaru
 20756 | Lair:4   | Found a staircase to the Snake Pit.
 20790 | Lair:4   | Identified a scroll of acquirement
 21672 | Lair:5   | Reached skill level 5 in Shields
 22186 | Lair:5   | Reached skill level 20 in Short Blades
 22411 | Lair:5   | Identified Syicsin's Almanac of Spatial Good Luck
 22454 | Lair:5   | Found a staircase to the Slime Pits.
 22454 | Lair:5   | Found a viscous altar of Jiyva.
 23027 | Lair:6   | Entered Level 6 of the Lair of Beasts
 23144 | Lair:6   | Reached XP level 15. HP: 93/100 MP: 12/12
 23388 | Lair:6   | Noticed Josephine
 23424 | Lair:6   | Received a gift from Okawaru
 23454 | Lair:6   | Killed Josephine
 23724 | Lair:6   | Received a gift from Okawaru
 24325 | Lair:6   | Found a runed door.
 24501 | Lair:6   | Reached skill level 21 in Short Blades
 25173 | Orc:1    | Entered Level 1 of the Orcish Mines
 25173 | Orc:1    | Noticed Erolcha
 25189 | Orc:1    | Killed Erolcha
 25439 | Orc:2    | Entered Level 2 of the Orcish Mines
 25439 | Orc:2    | Found Pijenn Qyrho's Antique Armour Shop.
 25444 | Orc:2    | Noticed Sonja
 25465 | Orc:2    | Paralysed by an orc sorcerer for 6 turns
 25469 | Orc:2    | HP: 3/101 [orc warrior/scimitar (8)]
 25469 | Orc:2    | Slain by an orc warrior

Skill      XL: |  1  2  3  4  5  6  7  8  9 10 11 12 13 14 15 |
---------------+----------------------------------------------+-----
Stealth        | 2 |  2.3
Dodging        | 1 2 3 4 5 7 9 10 11 12 13 14 | 14.5
Short Blades   | 2 3 4 5 7 9 11 13 15 17 18 20 21 | 21.3
Fighting       | 6 7 8 10 11 12 13 14 | 14.6
Shields        | 3 5 |  5.8
Long Blades    | |  1.0
Staves         | |  1.7
Throwing       | |  1.1
Armour         | |  0.4

Action                   |  1- 3 |  4- 6 |  7- 9 | 10-12 | 13-15 || total
-------------------------+-------+-------+-------+-------+-------++-------
Melee: Quarterstaff      |    23 |       |       |       |       ||    23
       Dagger            |    30 |   182 |   578 |   575 |       ||  1365
       Punch             |       |       |     1 |    20 |       ||    21
       Short sword       |       |       |       |   679 |  1181 ||  1860
       Scimitar          |       |       |       |    19 |    32 ||    51
       Rapier            |       |       |       |       |   829 ||   829
Throw: Throwing net      |       |       |       |     2 |       ||     2
Invok: Heroism           |       |       |     3 |    23 |    19 ||    45
       Finesse           |       |       |       |     2 |     1 ||     3
Evoke: Wand              |       |       |       |     8 |     2 ||    10
  Use: Scroll            |       |     4 |    12 |     1 |    17 ||    34
       Potion            |       |     4 |     5 |     3 |     2 ||    14
 Stab: Sleeping          |     7 |     9 |    12 |     6 |    23 ||    57
       Invisible         |       |       |     2 |    14 |       ||    16
       Held in net/web   |       |       |       |     1 |       ||     1
       Distracted        |       |       |       |       |     2 ||     2
       Petrified         |       |       |       |       |     1 ||     1
  Eat: Chunk             |     5 |    14 |    27 |    20 |    37 ||   103
Armor: Robe              |     7 |    40 |    57 |    79 |       ||   183
       Steam dragon scal |       |       |       |    18 |   123 ||   141
Dodge: Dodged            |    33 |   133 |   313 |   822 |  1145 ||  2446
Block: Buckler           |       |       |       |     5 |   456 ||   461
       Rpst.: Scimitar   |       |       |       |     5 |     3 ||     8
